 Dungeon Crawl Stone Soup version 0.31.0-11-ge490571c62 (webtiles) character file.

Game seed: 16323038301234784824

57 qw the Shooter (level 3, -1/18 HPs)
             Began as a Spriggan Hunter on Feb 4, 2024.
             Succumbed to their own poison gas
             ... on level 2 of the Dungeon.
             The game lasted 00:00:04 (1102 turns).

qw the Shooter (Spriggan Hunter)                    Turns: 1102, Time: 00:00:04

Health: -1/18      AC:  2    Str:  7    XL:     3   Next: 73%
Magic:  4/4        EV: 19    Int: 10    God:
Gold:   97         SH:  0    Dex: 20    Spells: 2/2 levels left

rFire   . . .        a - +1 shortbow
rCold   . . .        (shield currently unavailable)
rNeg    . . .        c - +0 robe
rPois   .            (helmet restricted)
rElec   .            (no cloak)
rCorr   .            (gloves unavailable)
SInv    +            (boots unavailable)
Will    .....        e - amulet of faith
Stlth   ++           (no ring)
HPRegen 0.23/turn    (no ring)
MPRegen 0.09/turn

%: faith
@: lethally poisoned (-1 -> -8), very quick
A: very small, no large weapons, unfitting armour, see invisible, speed 3
a: no special abilities


You were on level 2 of the Dungeon.
You visited 1 branch of the dungeon, and saw 2 of its levels.

You collected 97 gold pieces.


Innate Abilities, Weirdness & Mutations

You are very small and have problems with some larger weapons.
You are too small for most types of armour.
You have supernaturally acute eyesight. (SInv)
You cover ground extremely quickly. (Speed+++)


   Skills:
 - Level 1.5 Fighting
 + Level 4.9 Ranged Weapons
 - Level 4.0 Dodging
 - Level 1.5 Stealth


You had 2 spell levels left.
You didn't know any spells.
Your spell library was empty.

Inventory:

Hand Weapons
 a - a +1 shortbow (weapon)
Armour
 c - a +0 robe (worn)
Jewellery
 e - an amulet of faith (around neck)
 f - an amulet of regeneration
Potions
 b - a potion of haste

Dungeon Overview and Level Annotations

Branches:
Dungeon (2/15)

Altars:
Ru


Message History

993 ||| READING scroll labelled RAESMY ZATAG.
As you read the scroll labelled RAESMY ZATAG, it crumbles to dust.
A wave of despondency washes over your surroundings.
It was a scroll of vulnerability.
You start waiting.
You feel your willpower return.
Done waiting.
Done exploring.
1094 ||| READING scroll labelled MAOKLOMUCI.
The air fills with toxic fumes!
As you read the scroll labelled MAOKLOMUCI, it crumbles to dust.
It was a scroll of poison.
Done exploring.
1095 ||| DROPPING potion of attraction.
You drop a potion of attraction.
Done exploring.
1096 ||| DROPPING scroll of revelation.
You drop a scroll of revelation.
Done exploring.
What level of the Dungeon? (default 2, ? - help) Sorry, I don't know how to get there.
Enter note:
Enter note:
Enter note:
Enter note:
Enter note:
Enter note: You are engulfed in poison gas.
You are lethally poisoned!
You feel very sick.
1098 ||| Stepping ~*~*~tactically~*~*~ (cloud).
You feel very sick.
Things that are here:
a scroll of revelation; a potion of attraction
There is a lethal amount of poison in your body!
You feel very sick.
There is a lethal amount of poison in your body!
You feel very sick.
There is a lethal amount of poison in your body!
You feel sick.
There is a lethal amount of poison in your body!
You die...

########## ######
#...¤¤¤¤0######....######
#....¤000¤¤¤.......#....##
########.....¤00¤¤........#......
#>.....'......¤¤00........#......
...#...#.......¤¤#####+##.#<.....
...###.#########¤#####.##.##.>...
...# #.#....# #@¤¤0¤¤0##.#......
...###.#%...# ##########.##.....
##...#.#....# ######### #.#...###
###........###.......###.#...###
##.............%...'...'...+..
#####...###.......#####...###
####...#.###.......# ##### #
#......(..##.......# #
#.........##.[.....# ##


There were no monsters in sight!

Vanquished Creatures
  A gnoll (D:1)
  A ribbon worm (D:2)
  3 ball pythons (D:2)
  2 endoplasms
  A giant cockroach (D:1)
  7 goblins
  2 hobgoblins
  4 jackals (D:1)
  5 kobolds (D:1)
  A quokka (D:1)
  7 bats
  A frilled lizard (D:2)
  6 rats
41 creatures vanquished.

Notes
Turn   | Place    | Note
-------+----------+-------------------------------------------
     0 | D:1      | qw the Spriggan Hunter began the quest for the Orb.
     0 | D:1      | Reached XP level 1. HP: 10/10 MP: 2/2
     0 | D:1      | 0 ||| qw: Version: 0.3-a-160-g6735b56
     0 | D:1      | 0 ||| qw: Game counter: 5694
     0 | D:1      | 0 ||| qw: Melee chars always use a shield: true
     0 | D:1      | 0 ||| qw: God list: Okawaru
     0 | D:1      | 0 ||| qw: Allow faded altars: false
     0 | D:1      | 0 ||| qw: Do Orc after clearing Dungeon:15 true
     0 | D:1      | 0 ||| qw: Do second Lair branch before Depths: true
     0 | D:1      | 0 ||| qw: Lair rune preference: random
     0 | D:1      | 0 ||| qw: Goals: Normal
     0 | D:1      | 0 ||| PLANNING D:1-11
    50 | D:1      | Reached skill level 3 in Dodging
   130 | D:1      | Reached XP level 2. HP: 14/14 MP: 3/3
   393 | D:1      | Reached XP level 3. HP: 18/18 MP: 4/4
   592 | D:1      | 592 ||| UPGRADING to amulet of regeneration.
   597 | D:1      | 597 ||| READING 2 scrolls labelled ZUOHAD ESET.
   597 | D:1      | 597 ||| IDENTIFYING scroll labelled HIQEX ROTTELANT
   598 | D:1      | 598 ||| READING scroll of enchant weapon.
   598 | D:1      | 598 ||| ENCHANTING +0 shortbow.
   599 | D:1      | 599 ||| DROPPING scroll of butterflies.
   833 | D:2      | Found a sacrificial altar of Ru.
   979 | D:2      | 979 ||| UPGRADING to amulet of faith.
   989 | D:2      | 989 ||| READING 3 scrolls of identify.
   989 | D:2      | 989 ||| IDENTIFYING red potion
   990 | D:2      | 990 ||| READING 2 scrolls of identify.
   990 | D:2      | 990 ||| IDENTIFYING green potion
   991 | D:2      | 991 ||| READING scroll of identify.
   991 | D:2      | 991 ||| IDENTIFYING scroll labelled GAL JAGOPAICS
   992 | D:2      | 992 ||| READING scroll labelled GYARU GUEMUSI.
   993 | D:2      | 993 ||| READING scroll labelled RAESMY ZATAG.
  1094 | D:2      | 1094 ||| READING scroll labelled MAOKLOMUCI.
  1095 | D:2      | 1095 ||| DROPPING potion of attraction.
  1096 | D:2      | 1096 ||| DROPPING scroll of revelation.
  1098 | D:2      | 1098 ||| Stepping ~*~*~tactically~*~*~ (cloud).
  1100 | D:2      | HP: 2/18 [poisoned by you (poison gas)]
  1102 | D:2      | Succumbed to their own poison gas

Levels and vault maps discovered:
D:1:      dpeg_arrival_erosion, layout_basic
D:2:      layout_basic, basic_altar

Skill      XL: |  1  2 |
---------------+-------+-----
Dodging        | 3 4 |  4.0
Fighting       | |  1.5
Ranged Weapons | |  4.9
Stealth        | |  1.5

Action                     || total
---------------------------++-------
   Fire: Shortbow          ||    93
    Use: Scroll            ||     8
 Armour: Robe              ||     4
  Dodge: Dodged            ||    29

Table legend:
 A = Non-vault XP
 B = Vault XP
 C = Vault XP percentage of total XP
 D = Non-vault monster count
 E = Vault monster count
 F = Vault count percentage of total count
                 A         B        C        D         E       F
            +---------+---------+-------+---------+---------+-------
      Total |      82 |       0 |   0.0 |      41 |       0 |   0.0
            +---------+---------+-------+---------+---------+-------
        D:1 |      62 |       0 |   0.0 |      30 |       0 |   0.0
        D:2 |      20 |       0 |   0.0 |      11 |       0 |   0.0
            +---------+---------+-------+---------+---------+-------
